 Dungeon Crawl Stone Soup version 0.31-a0-1388-g4b2ba238e7 (webtiles) character file.

Game seed: 17598852603952324422

1498615 jt the Hoplite (level 27, 295/295 HPs)
             Began as an Oni Cinder Acolyte on Dec 24, 2023.
             Was a High Priest of Okawaru.
             Escaped with the Orb
             ... and 3 runes on Dec 25, 2023!
             The game lasted 05:25:24 (91670 turns).

jt the Hoplite (Oni Cinder Acolyte)                Turns: 91670, Time: 05:25:25

Health: 295/295    AC: 29    Str: 39    XL:     27
Magic:  37/37      EV:  8    Int: 17    God:    Okawaru [*****.]
Gold:   3412       SH: 30    Dex: 12    Spells: 31/43 levels left

rFire   + + .        a - +12 broad axe "Leuxal" {heavy, rElec Str+4 Stlth-}
rCold   + . .        I - +8 tower shield {reflect}
rNeg    + . .        C - +7 gold dragon scales
rPois   +            F - +2 hood of the Assassin {Detect Stab+ Stlth++}
rElec   +            O - scarf {repulsion}
rCorr   .            (gloves unavailable)
SInv    .            (boots unavailable)
Will    ++++.        t - amulet of regeneration Stlth
                     b - +6 ring of strength
HPRegen 1.49/turn    H - ring of the Pure Spreadsheets {rF+ rN+ Will+ Int+3 Dex-2}
MPRegen 0.25/turn

%: random rage (3%), repel missiles, reflection
@: no status effects
A: large, unfitting armour, horns 2, tough skin 1, double potion healing,
drunken brawling, agile 1, berserk 1, deformed body, deterioration 2,
strong-willed 1, shaggy fur 1
0: Orb of Zot
}: 3/15 runes: decaying, silver, gossamer
a: Renounce Religion, Heroism, Finesse, Duel


You escaped.
You worshipped Okawaru.
Okawaru was extremely pleased with you.
You visited 10 branches of the dungeon, and saw 48 of its levels.
You visited 1 ziggurat, and saw 8 of its levels.
You also visited: Trove, Ossuary, Gauntlet and Ice Cave.

You collected 7736 gold pieces.
You spent 4324 gold pieces at shops.

Inventory:

Hand Weapons
 a - the +12 broad axe "Leuxal" (weapon) {heavy, rElec Str+4 Stlth-}
   (Okawaru gifted it to you on level 4 of the Vaults)

   Str+4:     It affects your strength (+4).
   rElec:     It insulates you from electricity.
   Stlth-:    It makes you less stealthy.
 Z - the +8 trishula "Condemnation" {holy, anguish, *Noise Fly rN+}
   (You found it on level 8 of a ziggurat)

   rN+:       It protects you from negative energy.
   Fly:       It grants you flight.
   *Noise:    It may make a loud noise when swung.
Missiles
 k - 7 throwing nets
 v - 19 javelins
 x - 100 large rocks
 D - 21 silver javelins
 V - 21 curare-tipped darts
Armour
 d - a +2 cloak of poison resistance
 C - +7 gold dragon scales (worn)
 F - the +2 hood of the Assassin (worn) {Detect Stab+ Stlth++}
   (You found it on level 3 of the Elven Halls)

   Detect:    It allows the wearer to sense nearby creatures.
   Stab+:     It allows the wearer to make particularly effective stabbing
   attacks against helpless or unaware enemies with any weapon.
   Stlth++:   It makes you much more stealthy.
 I - a +8 tower shield of reflection (worn)
 O - a scarf of repulsion (worn)
Jewellery
 b - a +6 ring of strength (left hand)
 c - the ring of Xezoxt {Ice Int+3 Slay+3}
   (You found it on level 3 of the Vaults)

   [ring of ice]

   Ice:       It enhances your ice magic.
   Int+3:     It affects your intelligence (+3).
   Slay+3:    It affects your accuracy & damage with ranged weapons and melee
   (+3).
   rF-:       It makes you vulnerable to fire.
   rC+:       It protects you from cold.
 t - an amulet of regeneration (around neck)
 G - a ring of see invisible
 H - the ring of the Pure Spreadsheets (right hand) {rF+ rN+ Will+ Int+3 Dex-2}
   (You bought it in a shop on level 1 of the Dungeon)

   [ring of willpower]

   Int+3:     It affects your intelligence (+3).
   Dex-2:     It affects your dexterity (-2).
   rF+:       It protects you from fire.
   rN+:       It protects you from negative energy.
   Will+:     It increases your willpower.
 Q - a ring of willpower
 Y - a ring of resist corrosion
Wands
 s - a wand of mindburst (14)
 A - a wand of iceblast (42)
 E - a wand of light (4)
 R - a wand of digging (26)
 S - a wand of polymorph (30)
 W - a wand of flame (145)
Scrolls
 e - 2 scrolls of enchant weapon
 f - 6 scrolls of revelation
 g - 7 scrolls of vulnerability
 h - 7 scrolls of immolation
 l - 5 scrolls of fear
 n - 9 scrolls of fog
 w - 8 scrolls of teleportation
 z - a scroll of blinking
 M - 9 scrolls of poison
 P - 6 scrolls of silence
Potions
 i - 2 potions of resistance
 j - 2 potions of haste
 m - 2 potions of might
 o - 8 potions of cancellation
 r - 2 potions of enlightenment
 u - 2 potions of ambrosia
 B - 3 potions of berserk rage
 J - 8 potions of brilliance
 K - 4 potions of heal wounds
 L - 8 potions of magic
 N - 9 potions of mutation
 T - 5 potions of curing
 X - 4 potions of attraction
Miscellaneous
 q - a phial of floods
 U - a lightning rod (4/4)


   Skills:
 - Level 20.8 Fighting
 - Level 18.0 Axes
 - Level 11.9 Throwing
 - Level 22.3 Armour
 - Level 5.0 Dodging
 - Level 22.5 Shields
 + Level 8.9 Spellcasting
 + Level 10.1 Necromancy
 + Level 10.5 Translocations
 - Level 4.0 Fire Magic
 + Level 9.2 Alchemy
 - Level 21.3 Invocations
 - Level 5.0 Evocations


You had 31 spell levels left.
You knew the following spells:

 Your Spells              Type           Power      Damage    Failure   Level
a - Scorch                Fire           42%        2d6       19%         2
b - Blink                 Tloc           86%        N/A       1%          2
c - Olgreb's Toxic Radia  Alch           38%        N/A       14%         4
d - Apportation           Tloc           86%        N/A       1%          1
e - Fugue of the Fallen   Necr           42%        N/A       2%          3

Your spell library contained the following spells:

 Spells                   Type           Power      Damage    Failure   Level
 Necrotise                Necr           100%       1d9       1%          1
 Lesser Beckoning         Tloc           86%        N/A       1%          2
 Gell's Gravitas          Tloc           43%        N/A       2%          3
 Teleport Other           Tloc           43%        N/A       2%          3
 Vampiric Draining        Necr           42%        2d9       2%          3
 Cigotuvi's Dreadful Rot  Necr/Alch/Air  58%        N/A       6%          2
 Sting                    Conj/Alch      92%        1d8       9%          1
 Manifold Assault         Tloc           43%        N/A       9%          4
 Passage of Golubria      Tloc           43%        N/A       9%          4
 Momentum Strike          Conj/Tloc      50%        3d9       11%         2
 Mercury Vapours          Alch/Air       46%        N/A       14%         2
 Passwall                 Alch/Erth      19%        N/A       14%         2
 Foxfire                  Conj/Fire      56%        2x1d6     26%         1
 Sticky Flame             Fire/Alch      30%        2d7       36%         4
 Alistair's Intoxication  Alch           25%        N/A       36%         5
 Sandblast                Erth           14%        2d6       52%         1
 Slow                     Hex            28%        N/A       52%         1
 Dimensional Bullseye     Hex/Tloc       12%        N/A       56%         4
 Iskenderun's Mystic Bla  Conj/Tloc      25%        2d7       56%         4
 Anguish                  Hex/Necr       12%        N/A       58%         4
 Inner Flame              Hex/Fire       14%        N/A       63%         3
 Ensorcelled Hibernation  Hex/Ice        14%        N/A       67%         2
 Jinxbite                 Hex            14%        N/A       67%         2
 Dispersal                Tloc           21%        N/A       77%         6
 Confusing Touch          Hex            7%         N/A       88%         3
 Hailstorm                Conj/Ice       7%         3d5       88%         3
 Ozocubu's Armour         Ice            7%         N/A       88%         3
 Sigil of Binding         Hex            7%         N/A       88%         3
 Stone Arrow              Conj/Erth      14%        3d7       88%         3
 Swiftness                Air            7%         N/A       88%         3
 Borgnjor's Vile Clutch   Necr/Erth      12%        N/A       91%         5
 Eringya's Noxious Bog    Alch           19%        4d6       91%         6
 Yara's Violent Unravell  Hex/Alch       11%        3d6       94%         5
 Flame Wave               Conj/Fire      14%        2d6       95%         4
 Brom's Barrelling Bould  Conj/Erth      7%         2d3       99%         4
 Conjure Ball Lightning   Conj/Air       3%         3x3d6     100%        6
 Plasma Beam              Fire/Air       7%         2x1d17    100%        6
 Starburst                Conj/Fire      7%         6d4       100%        6
 Enfeeble                 Hex            3%         N/A       100%        7
 Ozocubu's Refrigeration  Ice            3%         4d8       100%        7
 Borgnjor's Revivificati  Necr           21%        N/A       100%        8
 Discord                  Hex            3%         N/A       100%        8
 Disjunction              Tloc           21%        N/A       100%        8
 Death's Door             Necr           21%        N/A       100%        9
 Summon Small Mammal      Summ           Unusable   N/A       N/A         1
 Tukima's Dance           Hex            Unusable   N/A       N/A         3
 Summon Ice Beast         Ice/Summ       Unusable   N/A       N/A         4
 Summon Lightning Spire   Summ/Air       Unusable   N/A       N/A         4
 Summon Mana Viper        Hex/Summ       Unusable   N/A       N/A         5
 Simulacrum               Ice/Necr       Unusable   N/A       N/A         6
 Haunt                    Necr/Summ      Unusable   N/A       N/A         7
 Monstrous Menagerie      Summ           Unusable   N/A       N/A         7

Dungeon Overview and Level Annotations

Branches:
Dungeon (15/15)            Temple (1/1) D:5            Lair (5/5) D:11
  Swamp (4/4) Lair:3       Spider (4/4) Lair:2        Slime (0/5) Lair:4
    Orc (2/2) D:12            Elf (3/3) Orc:2        Vaults (5/5) D:13
  Crypt (0/3) Vaults:2     Depths (4/4) D:15            Zot (5/5) Depths:4
Ossuary (visited)           IceCv (visited)         Gauntlet (visited)

Altars:
Ashenzari
Cheibriados
Dithmenos
Elyvilon
Fedhas
Gozag
Hepliaklqana
Kikubaaqudgha
Makhleb
Nemelex Xobeh
Okawaru
Qazlal
Ru
Sif Muna
Trog
Uskayaw
Vehumet
Wu Jian
Xom
Yredelemnul
Zin
The Shining One

Shops:
D:1 *(   D:4 ([   D:5 [   D:11 [   D:14 (!!?(   Orc:1 [   Orc:2 :[*   Elf:1 *
Elf:2 (   Elf:3 :   Vaults:2 *?   Vaults:3 (   Vaults:4 ![[(:

Portals:
Hell: Depths:1 Depths:2 Depths:3 Depths:4
Abyss: Depths:3
Pandemonium: Depths:1 Depths:2 Depths:4

Annotations:
Orc:2 PanSaczeczos's ghost, journeyman MiCK
Elf:2 3 runed translucent doors


Innate Abilities, Weirdness & Mutations

You are too large for most types of armour.
You have a pair of horns on your head.
You have tough skin. (AC +1)
You gain doubled healing and magic from potions.
Whenever you drink a healing potion, you attack all around you.
You are agile. (Dex +4, Str/Int -1)
You sometimes lose your temper in combat.
Armour fits poorly on your strangely shaped body.
Your body often deteriorates upon taking damage.
You are strong-willed. (Will+)
You are covered in fur. (AC +1)


Message History

Okawaru accepts your kill.
You carve the demonspawn warmonger like a ham!!!
You miss the demonspawn blood saint.
The demonspawn warmonger calls upon its god to speed up the demonspawn blood saint.
The demonspawn blood saint seems to speed up.
The demonspawn warmonger closely misses you.
You block the demonspawn warmonger's attack. x2
You block the demonspawn blood saint's attack.
You open the demonspawn blood saint like a pillowcase!!!
You headbutt the demonspawn blood saint.
You kill the demonspawn blood saint!
Okawaru accepts your kill.
The demonspawn warmonger blocks your attack.
You block the demonspawn warmonger's attack. x4
The demonspawn warmonger claws you. The demonspawn warmonger gores you.
You slice the demonspawn warmonger!!
Your headbutt misses the demonspawn warmonger.
The demonspawn warmonger is heavily wounded.
The demonspawn warmonger invokes the aid of its god against you.
Your magic feels tainted.
You open the demonspawn warmonger like a pillowcase!!!
You kill the demonspawn warmonger!
Okawaru accepts your kill.
Unknown command.
What level of the Dungeon? (default 1, ? - help)
There is an open door here.
There is a stone staircase leading up here.
You feel like a meek peon again.
You climb upwards.
There is a stone staircase leading down here.
You see here a +0 dagger.
Your magic seems less tainted.
There is a stone staircase leading up here.
You climb upwards.
There is a stone staircase leading down here.
You feel a little less mighty now.
You open the door.
There is an open door here.
There is a staircase leading out of the dungeon here.
You have escaped!

#.#..........#..........######.##
.........................).......
#.#....[.....#..........######.##
#.#..........############........
.............# #........
###..........####### #........
#..........#.....# #........
#..........#.....### #..†.....
#..........'..@..'.####†.......
#..........#.....#........#####
############.....#.########
###########.# ### ####
##.........#.# #.. ...#
####.......#.# #.. ####
##∩#.......#.# #.. ##
#'##.......#.# #.. .#
######..........#.# #..


There were no monsters in sight!

Vanquished Creatures
  3 dread liches (Zot:5)
  Frederick (Vaults:4)
  3 pandemonium lords
  4 orbs of fire (Zot:5)
  6 ancient liches
  A juggernaut (Depths:4)
  Xtahua (Depths:3)
  Bai Suzhen (Swamp:2)
  4 Killer Klowns
  Saint Roka (Elf:2)
  3 caustic shrikes (Depths:4)
  2 curse toes
  7 golden dragons
  Norris (Vaults:1)
  Nikola (Swamp:4)
  Arachne (Spider:2)
  A Tzitzimitl (D:15)
  2 Brimstone Fiends
  2 electric golems (Zot:5)
  The ghost of MackTheKnife the Brawler, an adept DrSh of Jiyva (Elf:3)
  A hellephant (Zig:6)
  16 tentacled monstrosities
  3 walking crystal tomes (Depths:4)
  An Ice Fiend (Depths:4)
  Rupert (Lair:4)
  4 liches
  8 titans
  A walking earthen tome (Depths:4)
  2 deep elf blademasters (Elf:3)
  29 Orb Guardians
  3 quicksilver dragons
  An acid blob (Zig:7)
  A walking divine tome (Depths:4)
  A searing wretch (Zig:6)
  2 deep elf master archers (Elf:3)
  9 sphinxes
  Gastronok (D:9)
  9 tengu reavers
  3 Executioners
  2 thorn hunters (Swamp:4)
  An ancient champion (Vaults:2)
  Kirke (Lair:4)
  11 storm dragons
  9 shadow dragons
  4 death cobs
  A rockslime (Zig:7)
  A demonspawn warmonger (D:3)
  A fenstrider witch (Swamp:4)
  An azure jelly (Depths:4)
  7 fire giants
  4 draconian monks (Zot:2)
  6 emperor scorpions (Spider:4)
  8 draconian knights
  9 draconian scorchers
  3 balrugs
  12 frost giants
  12 draconian shifters
  7 ghost moths
  2 deep elf elementalists (Elf:3)
  5 draconian stormcallers
  5 deep elf sorcerers
  13 vault wardens
  A reaper (Depths:2)
  A curse skull (Zig:2)
  5 draconian annihilators
  4 ghouls
  A spriggan defender (Depths:4)
  4 orc warlords
  24 very ugly things
  18 ironbound preservers
  2 formless jellyfish
  5 broodmothers
  2 cacodemons (Elf:3)
  A demonspawn blood saint (D:3)
  18 stone giants
  5 war gargoyles
  4 eleionomae
  4 ironbound thunderhulks
  2 vampire knights (Depths:4)
  8 deep elf demonologists
  8 green draconians
  8 deep elf annihilators
  9 red draconians
  28 dire elephants
  10 deep elf death magi
  11 black draconians
  12 white draconians
  A bunyip (Swamp:3)
  2 minotaurs
  A wendigo (Depths:4)
  8 purple draconians
  9 yellow draconians
  9 spark wasps
  2 blizzard demons
  10 ettins
  2 crystal guardians
  A green death (Zot:1)
  9 fire dragons
  An entropy weaver (shapeshifter) (Elf:3)
  7 deep elf high priests
  3 jiangshi (Depths:4)
  16 yaktaur captains
  9 entropy weavers
  Josephine (Orc:1)
  Harold (D:9)
  5 rakshasas
  2 hell beasts
  8 great orbs of eyes
  5 peacekeepers
  A hydra (shapeshifter) (Depths:4)
  22 hydras
  2 spriggan air magi
  28 vault guards
  A ghost crab (Swamp:2)
  6 alligators
  19 ice dragons
  12 centaur warriors
  4 radroaches
  9 ironbound frosthearts
  An ogre mage (Vaults:5)
  12 boulder beetles
  A stoker (Zig:6)
  11 dancing weapons
  4 jorogumos
  Erica (D:11)
  A death knight (D:15)
  6 two-headed ogres
  2 orc high priests (Orc:2)
  7 tengu warriors
  A hell hog (Depths:1)
  A vampire mage (Depths:4)
  10 death yaks
  4 deep troll shamans
  7 occultists (Depths:3)
  22 hell knights
  5 deep troll earth magi
  14 demonic crawlers
  8 spriggan berserkers
  7 skysharks
  15 deep elf knights
  5 iron trolls
  7 skeletal warriors
  3 soul eaters
  7 pharaoh ants
  6 goliath frogs
  A sixfirhy (Zot:5)
  Amaemon (D:9)
  2 sun demons (Depths:1)
  4 flayed ghosts
  5 glowing orange brains
  63 deep trolls
  5 spriggan druids
  A glowing orange brain (shapeshifter) (Vaults:5)
  11 swamp dragons
  16 deep elf archers
  19 ironbound convokers
  A lindwurm (shapeshifter) (Vaults:5)
  13 bog bodies
  4 phantasmal warriors
  15 orb spiders
  12 arcanists
  2 orange crystal statues (Zot:1)
  5 wolf spider zombies (Spider:4)
  7 lindwurms
  3 spectral wolf spiders (Spider:4)
  13 steelbarb worms
  7 necromancers
  6 orc knights
  A shining eye (Zig:7)
  An orc sorcerer (Elf:2)
  24 deep elf pyromancers
  A harpy (shapeshifter) (Elf:3)
  28 deep elf zephyrmancers
  A mana viper (shapeshifter) (Vaults:5)
  8 harpies
  2 oklob plants (Zot:1)
  38 ugly things
  A faun (shapeshifter) (Zig:5)
  4 will-o-the-wisps
  2 tengu skeletons (Vaults:2)
  19 moths of wrath
  A shining eye (shapeshifter) (Elf:3)
  31 wolf spiders
  3 manticores
  5 kobold blastminers
  A salamander (Depths:1)
  2 cyclopes
  A moth of wrath (shapeshifter) (Vaults:5)
  7 elephants
  A black mamba (shapeshifter) (D:15)
  A rust devil (D:3)
  5 smoke demons
  13 vault sentinels
  3 ice statues
  2 apocalypse crabs (Zig:5)
  An eye of devastation (shapeshifter) (Elf:3)
  3 black mambas
  9 cane toads
  2 gargoyles
  4 human skeletons
  6 torpor snails
  3 hellions
  An orange demon (D:9)
  2 elf skeletons (Vaults:2)
  A cane toad (shapeshifter) (Elf:3)
  2 large abominations (Gauntlet)
  5 rime drakes
  39 yaktaurs
  A minotaur zombie (Gauntlet)
  4 komodo dragons
  4 freezing wraiths
  A yaktaur (shapeshifter) (Zig:5)
  4 guardian mummies (Depths:1)
  A tengu conjurer (Elf:1)
  2 tormentors
  An efreet (D:14)
  An ice devil (Depths:1)
  A kobold demonologist (D:13)
  A red devil (D:3)
  A hellwing (D:11)
  13 hornets
  A queen bee (shapeshifter) (Elf:3)
  A tarantella (shapeshifter) (Zig:5)
  8 polar bears (IceCv)
  8 trolls
  12 tyrant leeches
  30 tarantellas
  A shadow dragon simulacrum (Vaults:4)
  4 wolf spider simulacra (Spider:4)
  10 blink frogs
  A merfolk (D:9)
  2 blink frogs (shapeshifter)
  7 dream sheep (Lair:5)
  4 glass eyes
  A snapping turtle (shapeshifter) (Depths:2)
  A dream sheep (shapeshifter) (Elf:3)
  21 culicivoras
  An ettin skeleton (Vaults:2)
  5 air elementals
  A spriggan (shapeshifter) (Elf:2)
  46 slime creatures
  15 spriggans
  50 jumping spiders
  4 shadows
  A vampire (D:12)
  54 yaks
  A water elemental (Elf:1)
  6 wraiths
  A hog (shapeshifter) (Elf:3)
  3 wyverns
  4 fire bats (Depths:1)
  A fire bat (shapeshifter) (D:14)
  12 basilisks
  A warg (Orc:2)
  16 fire elementals
  18 humans (D:13)
  Grum (D:10)
  A neqoxec (D:4)
  6 golden eyes (D:4)
  A redback (shapeshifter) (Depths:4)
  20 vampire mosquitoes
  A hog (Lair:4)
  57 redbacks
  5 steam dragons
  A chaos spawn (Zig:5)
  A swamp worm (shapeshifter) (Depths:4)
  18 swamp worms
  A glowing shapeshifter zombie (Vaults:4)
  4 acid dragons
  17 water moccasins
  A glowing shapeshifter skeleton (Vaults:2)
  49 orc warriors
  14 swamp drakes
  2 black bears
  8 ogres
  59 wolves
  A boggart (Elf:1)
  4 small abominations (Gauntlet)
  20 centaurs
  3 phantoms
  7 kobold brigands
  10 bullfrogs
  4 elf zombies (Ossuary)
  2 gnoll sergeants
  3 earth elementals
  A scorpion (shapeshifter) (Zig:5)
  4 scorpions
  5 wights (D:9)
  24 killer bees
  7 electric eels
  5 howler monkeys
  A bombardier beetle (D:5)
  3 crimson imps
  3 hounds (D:7)
  A jelly (D:8)
  3 human zombies (Ossuary)
  15 orc priests
  21 orc wizards
  Ijyb (D:5)
  10 iguanas
  3 lightning spires (Zot:1)
  2 crocodile zombies (Ossuary)
  4 spectral hounds (Ossuary)
  A scorpion simulacrum (Ossuary)
  7 mummies
  11 gnolls
  8 adders
  3 hound simulacra (Ossuary)
  A white imp (D:6)
  2 spectral adders (Ossuary)
  2 spectral gnolls (Ossuary)
  4 worms
  3 dart slugs
  94 orcs
  8 ball pythons
  6 endoplasms
  4 giant cockroaches
  8 gnoll zombies (Ossuary)
  12 goblins
  9 hobgoblins
  4 jackals (D:2)
  5 quokkas
  3 bats
  7 frilled lizards
  6 gnoll simulacra (Ossuary)
  2 jackal simulacra (Ossuary)
  34 kobolds
  4 kobold zombies (Ossuary)
  4 orc zombies (Ossuary)
  7 rats
  4 spectral jackals (Ossuary)
  A fire vortex (Zig:6)
2431 creatures vanquished.

Vanquished Creatures (collateral kills)
  Snorg (D:10)
1 creature vanquished.

Vanquished Creatures (others)
  An ancient lich (Vaults:5)
  A fire giant (Depths:3)
  A fire dragon (Depths:3)
  An alligator (Swamp:4)
  An occultist (Depths:3)
  A goliath frog (Swamp:2)
  3 deep elf zephyrmancers
  3 deep elf pyromancers
  A hellwing (Depths:4)
  4 bloated husks
  2 humans (Lair:4)
  A swamp worm (Swamp:4)
  A wolf (Lair:5)
  An orc wizard (D:8)
  18 foxfires
40 creatures vanquished.

Grand Total: 2472 creatures vanquished

Notes
Turn   | Place    | Note
-------+----------+-------------------------------------------
     0 | D:1      | jt the Oni Cinder Acolyte began the quest for the Orb.
     0 | D:1      | Reached XP level 1. HP: 24/24 MP: 2/2
    49 | D:1      | Reached XP level 2. HP: 24/32 MP: 3/3
   174 | D:1      | Found Xizao's Antique Weapon Boutique.
   514 | D:1      | Reached XP level 3. HP: 37/40 MP: 4/4
   521 | D:1      | Learned a level 2 spell: Scorch
   693 | D:1      | Found Viafaf's Assorted Antiques.
   995 | D:2      | Reached skill level 5 in Fighting
  1457 | D:2      | Reached XP level 4. HP: 46/50 MP: 5/5
  2206 | D:3      | Identified the +6 dagger of Zytualodd {chaos, rCorr}
  2373 | D:3      | Found a faded altar of an unknown god.
  2487 | D:3      | Found a burning altar of Makhleb.
  2487 | D:3      | Noticed a green death
  2917 | D:4      | Reached XP level 5. HP: 59/59 MP: 1/6
  3120 | D:1      | Bought a scorched granite ring for 135 gold pieces
  3120 | D:1      | Identified the ring of the Pure Spreadsheets {rF+ rN+ Will+
                  | Int+3 Dex-2} (You bought it in a shop on level 1 of the
                  | Dungeon)
  3121 | D:1      | Bought a fuming ruby potion for 24 gold pieces
  3121 | D:1      | Bought a metallic black potion for 24 gold pieces
  3402 | D:4      | Noticed a phantom
  3407 | D:4      | Killed a phantom
  3527 | D:4      | Reached skill level 5 in Axes
  3527 | D:4      | Reached XP level 6. HP: 68/68 MP: 2/7
  3699 | D:4      | Found Paupus's Antique Weapon Shop.
  4187 | D:4      | Found Garshasp's Dragon-Slaying Spoils.
  4430 | D:5      | Entered Level 5 of the Dungeon
  4659 | D:5      | Noticed Ijyb
  4691 | D:5      | Killed Ijyb
  4692 | D:5      | Reached skill level 1 in Dodging
  4695 | D:5      | Reached XP level 7. HP: 36/78 MP: 0/8
  4890 | D:5      | Found a staircase to the Ecumenical Temple.
  4985 | Temple   | Entered the Ecumenical Temple
  5383 | D:5      | Found a white marble altar of Elyvilon.
  5434 | D:5      | Reached XP level 8. HP: 52/88 MP: 1/9
  5939 | D:5      | Found a radiant altar of Vehumet.
  6022 | D:5      | Found Siteti's Armour Emporium.
  6069 | D:5      | Found a hide-covered altar of Uskayaw.
  6799 | D:6      | Found a bloodstained altar of Trog.
  7833 | D:6      | Reached skill level 10 in Axes
  7833 | D:6      | Reached XP level 9. HP: 96/96 MP: 3/10
  8258 | D:7      | Found a broken altar of Ashenzari.
  8358 | D:7      | Found a sand-covered staircase.
  8367 | Ossuary  | Entered an ossuary
  9599 | D:7      | Learned a level 2 spell: Blink
 10711 | D:7      | Reached XP level 10. HP: 73/106 MP: 13/13
 10932 | D:8      | Reached skill level 1 in Evocations
 11685 | D:8      | Found an ancient bone altar of Kikubaaqudgha.
 12468 | D:9      | Noticed Gastronok
 12605 | D:10     | Entered Level 10 of the Dungeon
 12620 | D:10     | Noticed Snorg
 12631 | D:9      | Noticed Harold
 12657 | D:9      | Killed Harold
 12657 | D:9      | Noticed an orange demon
 12658 | D:9      | Reached skill level 1 in Armour
 12678 | D:10     | Killed Snorg
 12679 | D:10     | Reached skill level 10 in Fighting
 13117 | D:9      | Found a sacrificial altar of Ru.
 13241 | D:9      | Found a shadowy altar of Dithmenos.
 13246 | D:9      | Reached XP level 11. HP: 115/119 MP: 9/14
 13503 | D:9      | Found a stormy altar of Qazlal.
 14012 | D:9      | Noticed Amaemon
 14039 | D:9      | Killed Amaemon
 14664 | D:10     | Noticed a two-headed ogre
 14760 | D:9      | Killed Gastronok
 14931 | D:10     | Reached skill level 1 in Shields
 14932 | D:10     | Noticed Grum
 14949 | D:10     | Killed Grum
 15186 | D:10     | Found a faded altar of an unknown god.
 15186 | D:10     | Found a faded altar of an unknown god.
 15187 | D:10     | Found a hazy altar of Hepliaklqana.
 15254 | D:10     | Found a snail-covered altar of Cheibriados.
 15395 | D:10     | Noticed a tengu warrior
 15423 | D:10     | Killed a tengu warrior
 15825 | D:10     | You fall into a shaft and drop 1 floor!
 16047 | D:10     | Found an iron altar of Okawaru.
 16226 | D:10     | Killed a two-headed ogre
 16344 | D:11     | Noticed a two-headed ogre
 16359 | D:11     | Killed a two-headed ogre
 16360 | D:11     | Reached skill level 5 in Shields
 16445 | D:11     | Reached XP level 12. HP: 110/133 MP: 12/15
 17039 | D:11     | Found a staircase to the Lair.
 17252 | D:11     | Noticed a boulder beetle
 17278 | D:11     | Killed a boulder beetle
 17367 | D:11     | Identified the +5 quarterstaff "Duher" {speed, rN+ Will+
                  | SInv}
 17560 | D:11     | Found Darismua's Antique Armour Emporium.
 18152 | D:11     | Noticed Erica
 18162 | D:11     | Killed Erica
 18330 | Lair:1   | Entered Level 1 of the Lair of Beasts
 19588 | Lair:2   | Found a hole to the Spider Nest.
 19638 | Lair:2   | Found a gate leading to a gauntlet.
 19680 | Gauntlet | Entered a Gauntlet
 19680 | Gauntlet | Found a runed translucent gate.
 19680 | Gauntlet | Found a transporter.
 19680 | Gauntlet | Found a runed translucent gate.
 19680 | Gauntlet | Found a runed translucent gate.
 19680 | Gauntlet | Found a runed translucent door.
 19680 | Gauntlet | Found a transporter.
 19682 | Gauntlet | Found a runed translucent door.
 19692 | Gauntlet | Found a transporter.
 19709 | Gauntlet | Found a transporter.
 19709 | Gauntlet | Found a transporter.
 19711 | Gauntlet | Found a transporter.
 19713 | Gauntlet | Found a transporter.
 19713 | Gauntlet | Found a transporter.
 19724 | Gauntlet | Found a transporter.
 19739 | Gauntlet | Found a transporter.
 19739 | Gauntlet | Noticed a hell hog
 19743 | Gauntlet | Found a runed translucent door.
 19759 | Gauntlet | Found a transporter.
 19767 | Gauntlet | Found a transporter.
 19812 | Gauntlet | Found a transporter.
 19812 | Gauntlet | Noticed a soul eater
 19825 | Gauntlet | Found a transporter.
 19985 | Gauntlet | Reached XP level 13. HP: 85/141 MP: 16/16
 19995 | Gauntlet | Identified the +1 hat of Judidetu {rN+ rCorr Int-3 Stlth+}
 20028 | Gauntlet | Noticed a minotaur
 20044 | Gauntlet | Killed a minotaur
 20150 | Lair:2   | Found a frozen archway.
 20174 | IceCv    | Entered an ice cave
 20242 | IceCv    | Reached skill level 5 in Armour
 20267 | IceCv    | Reached skill level 5 in Dodging
 20588 | IceCv    | Reached skill level 10 in Shields
 21500 | Lair:2   | Reached XP level 14. HP: 150/150 MP: 17/17
 23093 | Lair:4   | Found a staircase to the Slime Pits.
 23129 | Lair:4   | Noticed Kirke
 23150 | Lair:4   | Killed Kirke
 23784 | Lair:3   | Found a staircase to the Swamp.
 24428 | D:12     | Found a portal to a secret trove of treasure.
 24468 | D:12     | Reached skill level 1 in Translocations
 24505 | D:12     | Reached skill level 10 in Armour
 25026 | D:12     | Found a staircase to the Orcish Mines.
 25206 | Orc:1    | Entered Level 1 of the Orcish Mines
 25523 | Orc:1    | Noticed Josephine
 25530 | Orc:1    | Killed Josephine
 25560 | Orc:1    | Reached XP level 15. HP: 153/158 MP: 14/19
 25654 | Orc:1    | Found Norur's Antique Armour Boutique.
 25818 | Orc:2    | Entered Level 2 of the Orcish Mines
 25909 | Orc:2    | Noticed an orc warlord
 26169 | Orc:2    | Found a staircase to the Elven Halls.
 26261 | Orc:2    | Killed an orc warlord
 26366 | Orc:2    | Noticed PanSaczeczos's ghost (journeyman MiCK)
 26414 | Orc:2    | Found a runed translucent gate.
 26414 | Orc:2    | Found a runed translucent gate.
 26414 | Orc:2    | Found a runed translucent gate.
 26552 | Orc:2    | Reached skill level 5 in Translocations
 27454 | Orc:2    | Found Fipnol's Antique Armour Shop.
 27456 | Orc:2    | Found Plog's Book Shoppe.
 27458 | Orc:2    | Found Udirraq's Assorted Antiques.
 27462 | Orc:2    | Bought 2 sedimented silvery potions for 34 gold pieces
 27465 | Orc:2    | Bought a potion of curing for 57 gold pieces
 27465 | Orc:2    | Bought a scroll of revelation for 142 gold pieces
 27791 | Lair:4   | Noticed Rupert
 27803 | Lair:4   | Killed Rupert
 27949 | Lair:5   | Entered Level 5 of the Lair of Beasts
 28210 | Lair:5   | Reached skill level 15 in Axes
 30090 | D:13     | Found a transporter.
 30754 | D:13     | Found a gate to the Vaults.
 30890 | D:13     | Found a transporter.
 31184 | D:14     | Found Woapt's Weapon Emporium.
 31384 | D:14     | Found Tist's Distillery.
 31392 | D:14     | Bought a potion of heal wounds for 75 gold pieces
 31487 | D:14     | Reached XP level 16. HP: 131/170 MP: 20/20
 31680 | D:14     | Found Ixtyolaw's Magic Scroll Emporium.
 31688 | D:14     | Bought a scroll of revelation for 97 gold pieces
 31966 | D:14     | Found Idosem's Distillery.
 31974 | D:14     | Bought 2 potions of curing for 84 gold pieces
 31974 | D:14     | Bought a potion of heal wounds for 70 gold pieces
 31974 | D:14     | Bought a potion of heal wounds for 70 gold pieces
 31974 | D:14     | Bought a potion of curing for 42 gold pieces
 31974 | D:14     | Bought a potion of curing for 42 gold pieces
 32094 | D:14     | Found Vyregunol's Weapon Shoppe.
 32243 | D:15     | Entered Level 15 of the Dungeon
 32337 | D:15     | Found a staircase to the Depths.
 33010 | D:10     | Fell from the grace of Ignis
 33010 | D:10     | Became a worshipper of Warmaster Okawaru
 33946 | D:15     | Reached * piety under Okawaru
 34347 | D:15     | Reached skill level 5 in Evocations
 34500 | Depths:1 | Entered Level 1 of the Depths
 34500 | Depths:1 | Noticed a tengu reaver
 34658 | Swamp:1  | Entered Level 1 of the Swamp
 35109 | D:4      | Bought a steaming hand axe for 192 gold pieces
 35109 | D:4      | Identified the +4 hand axe of Famine {spect, Int+2} (You
                  | bought it in a shop on level 4 of the Dungeon)
 35365 | Spider:1 | Entered Level 1 of the Spider Nest
 35455 | Lair:2   | Learned a level 4 spell: Olgreb's Toxic Radiance
 35525 | Swamp:1  | Reached ** piety under Okawaru
 35528 | Swamp:1  | Reached skill level 1 in Alchemy
 35841 | Swamp:1  | You fall into a shaft and drop 1 floor!
 36439 | Lair:3   | Reached *** piety under Okawaru
 36639 | Lair:3   | Reached skill level 5 in Alchemy
 37564 | Swamp:1  | You fall into a shaft and drop 1 floor!
 37845 | Swamp:1  | Reached skill level 1 in Invocations
 38715 | Swamp:2  | Reached **** piety under Okawaru
 38728 | Swamp:2  | Reached skill level 5 in Invocations
 39682 | Lair:2   | Reached XP level 17. HP: 125/180 MP: 22/22
 40035 | Lair:2   | Was forgiven by Ignis
 40738 | Spider:1 | Reached skill level 5 in Spellcasting
 40824 | Spider:1 | Reached ***** piety under Okawaru
 41488 | Spider:1 | Paralysed by a jorogumo for 3 turns
 42396 | Spider:2 | Received a gift from Okawaru
 42831 | Spider:2 | You fall into a shaft and drop 1 floor!
 43394 | Spider:2 | Noticed Arachne
 45084 | Spider:4 | Entered Level 4 of the Spider Nest
 45195 | Spider:2 | Reached XP level 18. HP: 154/189 MP: 10/28
 45540 | Spider:2 | Killed Arachne
 45872 | Spider:4 | Received a gift from Okawaru
 47201 | Spider:4 | Received a gift from Okawaru
 47964 | Spider:4 | Reached skill level 10 in Invocations
 49969 | Swamp:3  | Received a gift from Okawaru
 49995 | Swamp:3  | Noticed Bai Suzhen
 50010 | Swamp:3  | Reached XP level 19. HP: 125/197 MP: 4/30
 50703 | Spider:4 | Reached XP level 20. HP: 208/208 MP: 31/31
 50776 | Spider:4 | Got a gossamer rune of Zot
 51093 | Vaults:1 | Entered Level 1 of the Vaults
 51096 | Vaults:1 | Noticed Norris
 51281 | D:12     | You paid a toll of 5 scrolls of fear to enter a treasure
                  | trove
 51282 | Trove    | Entered a treasure trove
 51284 | Trove    | Found the +8 storm bow {elec, penet}
 51288 | Trove    | Identified the +2 robe "Vimni" {SInv}
 51308 | Trove    | Identified the +5 scale mail of Imperfection {Rampage
                  | *Corrode Str-3 Int+5}
 51314 | Trove    | Identified the +4 scale mail "Iqiodir" {Will++ Int+4}
 51405 | Elf:1    | Entered Level 1 of the Elven Halls
 51620 | Orc:2    | Received a gift from Okawaru
 52079 | Swamp:4  | Entered Level 4 of the Swamp
 53282 | Swamp:4  | Received a gift from Okawaru
 53772 | Swamp:4  | Noticed Nikola
 53800 | Swamp:4  | Killed Nikola
 54215 | Swamp:4  | Got a decaying rune of Zot
 54530 | Vaults:1 | Killed Norris
 54544 | Vaults:1 | Received a gift from Okawaru
 55213 | D:13     | Received a gift from Okawaru
 55712 | Vaults:1 | Reached skill level 15 in Invocations
 56023 | Vaults:1 | Reached XP level 21. HP: 211/215 MP: 32/32
 56162 | Vaults:1 | Reached skill level 15 in Armour
 56665 | D:4      | Bought +2 gold dragon scales for 1012 gold pieces
 56818 | D:10     | Noticed Sonja
 56819 | D:10     | Sonja changed into Sonja the rime drake
 56819 | D:10     | Noticed Sonja
 56826 | D:10     | Killed Sonja the rime drake
 57288 | Vaults:1 | Received a gift from Okawaru
 57931 | Vaults:2 | Found Vietibit's General Store.
 57942 | Vaults:2 | Reached skill level 15 in Fighting
 58507 | Vaults:2 | Received a gift from Okawaru
 58801 | Vaults:2 | Identified the +3 scale mail "Vimaekust" {rCorr}
 59436 | Vaults:2 | Found a staircase to the Crypt.
 59535 | Vaults:2 | Received a gift from Okawaru
 61353 | Depths:1 | Received a gift from Okawaru
 61364 | Depths:1 | Reached XP level 22. HP: 213/235 MP: 34/34
 62386 | Depths:1 | Found a gateway to Hell.
 62536 | Depths:1 | Found a one-way gate leading to the halls of Pandemonium.
 63353 | Depths:1 | Received a gift from Okawaru
 66329 | Vaults:2 | Found Jedif's Magic Scroll Shoppe.
 66374 | Vaults:2 | Bought a scroll of teleportation for 39 gold pieces
 66374 | Vaults:2 | Bought a scroll of fear for 52 gold pieces
 66374 | Vaults:2 | Bought a scroll of teleportation for 39 gold pieces
 66376 | Vaults:2 | Bought a scroll of enchant weapon for 97 gold pieces
 66462 | Vaults:2 | Received a gift from Okawaru
 68516 | Vaults:3 | Found Nonon's Antique Weapon Emporium.
 69358 | Vaults:3 | Reached XP level 23. HP: 126/252 MP: 35/35
 69718 | Vaults:3 | Received a gift from Okawaru
 69984 | Vaults:3 | Identified the ring of Xezoxt {Ice Int+3 Slay+3}
 71406 | Vaults:4 | Reached ****** piety under Okawaru
 71406 | Vaults:4 | Received a gift from Okawaru
 71408 | Vaults:4 | Acquired the +12 broad axe "Leuxal" {heavy, rElec Str+4
                  | Stlth-}
 71408 | Vaults:4 | Received a gift from Okawaru
 71411 | Vaults:4 | Acquired a +2 tower shield of reflection
 71411 | Vaults:4 | Received a gift from Okawaru
 71480 | Vaults:4 | Identified the +2 short sword of Fakunol {freeze, Int+2}
 71612 | Vaults:4 | Found Paekhlagea's Antique Weapon Shoppe.
 71670 | Vaults:4 | Reached skill level 15 in Shields
 71945 | Vaults:4 | Found Buiwk's Antique Armour Shop.
 71946 | Vaults:4 | Noticed Frederick
 71961 | Vaults:4 | Killed Frederick
 72372 | Vaults:4 | Found Dastisin's Distillery.
 72393 | Vaults:4 | Bought a potion of heal wounds for 105 gold pieces
 72393 | Vaults:4 | Bought a potion of curing for 63 gold pieces
 72393 | Vaults:4 | Bought a potion of heal wounds for 105 gold pieces
 72433 | Vaults:4 | Received a gift from Okawaru
 72550 | Vaults:4 | Found Qauniset's Antique Armour Boutique.
 72879 | Vaults:4 | Found Bisecw's Book Shop.
 73497 | Swamp:2  | Killed Bai Suzhen
 74282 | Elf:1    | Paralysed by an air elemental for 1 turns
 74469 | Elf:1    | Found Teklom's General Store.
 74559 | Elf:1    | Received a gift from Okawaru
 74906 | Elf:1    | Bought a wand of iceblast (5) for 156 gold pieces
 75317 | Elf:2    | Paralysed by an air elemental for 1 turns
 75329 | Elf:2    | Noticed Saint Roka
 75423 | Elf:2    | Killed Saint Roka
 75543 | Elf:2    | Found a runed translucent gate.
 75543 | Elf:2    | Found a runed translucent gate.
 75554 | Elf:2    | Found a runed translucent gate.
 75866 | Elf:2    | Found Tuk Cush's Weapon Shoppe.
 76059 | Elf:3    | Entered Level 3 of the Elven Halls
 76076 | Elf:3    | Found a runed translucent gate.
 76076 | Elf:3    | Found a runed translucent gate.
 76076 | Elf:3    | Found a runed translucent gate.
 76169 | Elf:3    | Received a gift from Okawaru
 76451 | Elf:3    | Reached XP level 24. HP: 245/261 MP: 32/35
 76600 | Elf:3    | Found Xew Wuygh's Book Boutique.
 76606 | Elf:3    | Bought a manual of Armour for 1120 gold pieces
 76686 | Elf:3    | Paralysed by an air elemental for 1 turns
 77071 | Elf:3    | Found a runed translucent gate.
 77071 | Elf:3    | Found a runed translucent gate.
 77076 | Elf:3    | Noticed MackTheKnife's ghost (adept DrSh)
 77077 | Elf:3    | Found a runed translucent gate.
 77092 | Elf:3    | Learned a level 1 spell: Apportation
 77131 | Elf:3    | Received a gift from Okawaru
 77144 | Elf:3    | Killed MackTheKnife's ghost
 77160 | Elf:3    | Identified the +1 pair of gloves "Ucaifang" {rC+}
 77638 | Elf:3    | Identified the +11 flail of Baruloig {vamp, rN+ Str+3 Dex+2
                  | Stlth+}
 77655 | Elf:3    | Identified the +2 spear of the Philosopher {holy, rF++ rN++
                  | Stlth+}
 77665 | Elf:3    | Identified the +6 mace of the Dungeon {flame, rPois rN+}
 77668 | Elf:3    | Identified the +1 chain mail of Purpose {rElec rF+ Str+4}
 78364 | Elf:3    | Identified the +1 chain mail of Viesi {Int+4}
 78413 | Elf:3    | Identified the +1 leather armour of Mumblety Peg {rF+
                  | Regen+}
 78453 | Elf:3    | Received a gift from Okawaru
 78482 | Elf:3    | Identified the staff "Girehouwn" {rPois Dex+4 Alchemy}
 78490 | Elf:3    | Got the Meditations on the Whammy
 78506 | Elf:3    | Identified the +9 dagger of Cheibriados's Reproof {freeze,
                  | Will+}
 78509 | Elf:3    | Identified the +0 pair of boots "Usaist" {rF+++ Regen+
                  | Str+3 Dex-5}
 78513 | Elf:3    | Identified the +1 dagger of Disintegration {antimagic, rN+
                  | Str+2 Dex+4 Stlth+}
 78575 | Elf:3    | Found the +2 hood of the Assassin {Detect Stab+ Stlth++}
 79102 | Depths:3 | Noticed Xtahua
 79117 | Depths:3 | Killed Xtahua
 79740 | Depths:3 | Found a one-way gate to the infinite horrors of the Abyss.
 79933 | Depths:3 | Received a gift from Okawaru
 79950 | Depths:3 | Found a shimmering blue altar of Sif Muna.
 80153 | Depths:3 | Identified the +6 great sword "Dadogh" {freeze, Dex+3}
 80178 | Depths:3 | Noticed an ancient lich
 80193 | Depths:3 | Reached XP level 25. HP: 230/270 MP: 35/35
 80209 | Depths:3 | Killed an ancient lich
 80449 | Depths:4 | Entered Level 4 of the Depths
 80538 | Depths:4 | Reached skill level 10 in Translocations
 80968 | Depths:4 | Found a one-way gateway to a ziggurat.
 81259 | Depths:4 | Received a gift from Okawaru
 81471 | Depths:4 | Got the Almanac of Weather and the Tundra
 81490 | Depths:4 | Noticed a juggernaut
 81504 | Depths:4 | Killed a juggernaut
 81662 | Depths:4 | Identified the +11 battleaxe of Peff {pain, *Corrode Will++
                  | Dex+4 Stlth+}
 81797 | Depths:4 | Found a gate to the Realm of Zot.
 82180 | Zig:1    | Entered Level 1 of a ziggurat
 82193 | Zig:2    | Entered Level 2 of a ziggurat
 82206 | Zig:3    | Entered Level 3 of a ziggurat
 82224 | Zig:3    | Learned a level 3 spell: Fugue of the Fallen
 82225 | Zig:4    | Entered Level 4 of a ziggurat
 82301 | Zig:5    | Entered Level 5 of a ziggurat
 82304 | Zig:5    | Noticed a Killer Klown
 82317 | Zig:5    | Received a gift from Okawaru
 82323 | Zig:5    | Killed a Killer Klown
 82335 | Zig:5    | Identified the +2 long sword of Ymew {freeze, Int+6}
 82411 | Zig:6    | Entered Level 6 of a ziggurat
 82552 | Zig:7    | Entered Level 7 of a ziggurat
 82642 | Zig:7    | Identified the amulet of the Beastly Lemon {Faith Str+5
                  | Slay+2}
 82644 | Zig:7    | Identified the storm talisman of Oblivion {Will+}
 82648 | Zig:7    | Identified the +5 quarterstaff of the Heart {flame, *Rage
                  | rCorr MP+9 Str+5}
 82673 | Zig:8    | Entered Level 8 of a ziggurat
 82681 | Zig:8    | Found the +8 trishula "Condemnation" {holy, anguish, *Noise
                  | Fly rN+}
 83363 | Vaults:5 | Entered Level 5 of the Vaults
 83417 | Vaults:5 | Reached skill level 1 in Necromancy
 83435 | Vaults:5 | Reached XP level 26. HP: 222/279 MP: 33/36
 83440 | Vaults:5 | Received a gift from Okawaru
 83589 | Vaults:5 | Noticed an ancient lich
 83598 | Vaults:5 | Killed an ancient lich
 84026 | Vaults:5 | Identified the +10 mace "Tifokeda" {freeze, rElec Int-5
                  | Dex+7}
 84184 | Vaults:5 | Received a gift from Okawaru
 84452 | Vaults:5 | Identified the +5 orcbow of Muimutio {heavy, rN+ Str+4
                  | Stlth-}
 84784 | Vaults:5 | Reached skill level 5 in Necromancy
 84806 | Vaults:5 | Got a silver rune of Zot
 85190 | Vaults:5 | Identified the +3 leather armour of Kaser {rPois rCorr}
 85545 | Vaults:2 | Bought a scroll of enchant armour for 135 gold pieces
 85617 | D:14     | Bought a scroll of enchant armour for 97 gold pieces
 85912 | D:1      | Bought a potion of cancellation for 216 gold pieces
 86301 | Zot:1    | Entered Level 1 of the Realm of Zot
 86609 | Depths:4 | Received a gift from Okawaru
 86760 | Zot:1    | Identified the orb of the Endless Expanse {*channel, Will-
                  | Int+3 Stlth+}
 87667 | Zot:2    | Reached XP level 27. HP: 236/288 MP: 34/36
 87988 | Zot:2    | You fall into a shaft and drop 2 floors!
 87994 | Zot:5    | Entered Level 5 of the Realm of Zot
 88146 | Zot:2    | Found a burning altar of Makhleb.
 88155 | Arena    | Entered the Arena
 88641 | Zot:2    | Found a hide-covered altar of Uskayaw.
 89544 | Zot:3    | Identified the +0 plate armour of the Insatiable Beds
                  | {rElec rC+ Int+2 Slay-3}
 90268 | Zot:5    | Noticed an ancient lich
 90278 | Zot:5    | Killed an ancient lich
 90333 | Zot:5    | Noticed an orb of fire
 90335 | Zot:5    | Gained mutation: You have an increased reservoir of magic.
                  | (+10% MP) [an orb of fire]
 90336 | Zot:5    | Gained mutation: You are dopey. (Int -2) [an orb of fire]
 90342 | Zot:5    | Gained mutation: Armour fits poorly on your strangely
                  | shaped body. [an orb of fire]
 90344 | Zot:5    | Gained mutation: Your flesh is heat resistant. (rF+) [an
                  | orb of fire]
 90347 | Zot:5    | Gained mutation: You sometimes lose your temper in combat.
                  | [an orb of fire]
 90348 | Zot:5    | Killed an orb of fire
 90371 | Zot:5    | Lost mutation: You have an increased reservoir of magic.
                  | (+10% MP) [potion of mutation]
 90371 | Zot:5    | Lost mutation: Your flesh is heat resistant. (rF+) [potion
                  | of mutation]
 90371 | Zot:5    | Gained mutation: Your spells are a little easier to cast,
                  | but a little less powerful. [potion of mutation]
 90371 | Zot:5    | Gained mutation: You are partially covered in large bone
                  | plates. (SH +4) [potion of mutation]
 90371 | Zot:5    | Gained mutation: You have a pair of horns on your head.
                  | [potion of mutation]
 90371 | Zot:5    | Gained mutation: You are agile. (Dex +4, Str/Int -1)
                  | [potion of mutation]
 90372 | Zot:5    | Lost mutation: You have a pair of horns on your head.
                  | [potion of mutation]
 90372 | Zot:5    | Lost mutation: You sometimes lose your temper in combat.
                  | [potion of mutation]
 90372 | Zot:5    | Lost mutation: You are dopey. (Int -2) [potion of mutation]
 90372 | Zot:5    | Gained mutation: Your muscles are strong. (Str +4, Int/Dex
                  | -1) [potion of mutation]
 90372 | Zot:5    | Lost mutation: Your muscles are strong. (Str +4, Int/Dex
                  | -1) [potion of mutation]
 90372 | Zot:5    | Lost mutation: Your spells are a little easier to cast, but
                  | a little less powerful. [potion of mutation]
 90460 | Zot:5    | Noticed a dread lich
 90472 | Zot:5    | Killed a dread lich
 90472 | Zot:5    | Received a gift from Okawaru
 90545 | Zot:5    | Noticed a dread lich
 90559 | Zot:5    | Killed a dread lich
 90579 | Zot:5    | Noticed an orb of fire
 90589 | Zot:5    | Killed an orb of fire
 90603 | Zot:5    | Reached skill level 5 in Throwing
 90686 | Zot:5    | Noticed an ancient lich
 90698 | Zot:5    | Killed an ancient lich
 90780 | Zot:5    | Received a gift from Okawaru
 90824 | Zot:5    | Noticed an orb of fire
 90835 | Zot:5    | Gained mutation: Your body sometimes deteriorates upon
                  | taking damage. [an orb of fire]
 90836 | Zot:5    | Killed an orb of fire
 90838 | Zot:5    | Noticed an ancient lich
 90849 | Zot:5    | Killed an ancient lich
 90870 | Zot:5    | Reached skill level 10 in Throwing
 90878 | Zot:5    | Noticed an ancient lich
 90881 | Zot:5    | Noticed an ancient lich
 90884 | Zot:5    | Killed an ancient lich
 90886 | Zot:5    | Noticed an orb of fire
 90889 | Zot:5    | Killed an ancient lich
 90890 | Zot:5    | Noticed a dread lich
 90893 | Zot:5    | Gained mutation: Your body often deteriorates upon taking
                  | damage. [an orb of fire]
 90897 | Zot:5    | Received a gift from Okawaru
 90897 | Zot:5    | Gained mutation: You are frail. (-10% HP) [an orb of fire]
 90898 | Zot:5    | Gained mutation: Your health recovers twice as slowly from
                  | being drained. [an orb of fire]
 90899 | Zot:5    | Killed an orb of fire
 90905 | Zot:5    | Killed a dread lich
 90998 | Zot:5    | Got the Orb of Zot
 91137 | Depths:4 | Noticed Bugant the pandemonium lord
 91145 | Depths:4 | Killed Bugant the pandemonium lord
 91507 | D:4      | Noticed Qiwnen Koirch the pandemonium lord
 91508 | D:4      | Gained mutation: You sometimes lose your temper in combat.
                  | [a neqoxec]
 91511 | D:4      | Gained mutation: You occasionally lose the ability to read
                  | scrolls when taking damage. [a neqoxec]
 91513 | D:4      | Killed Qiwnen Koirch the pandemonium lord
 91513 | D:4      | Received a gift from Okawaru
 91513 | D:4      | Gained mutation: You occasionally shout uncontrollably at
                  | your foes. [a neqoxec]
 91556 | D:4      | Lost mutation: Your health recovers twice as slowly from
                  | being drained. [potion of mutation]
 91556 | D:4      | Lost mutation: You occasionally lose the ability to read
                  | scrolls when taking damage. [potion of mutation]
 91556 | D:4      | Gained mutation: You are covered in fur. (AC +1) [potion of
                  | mutation]
 91556 | D:4      | Lost mutation: You are partially covered in large bone
                  | plates. (SH +4) [potion of mutation]
 91556 | D:4      | Gained mutation: You are very agile. (Dex +8, Str/Int -2)
                  | [potion of mutation]
 91556 | D:4      | Lost mutation: You are frail. (-10% HP) [potion of
                  | mutation]
 91557 | D:4      | Lost mutation: You sometimes lose your temper in combat.
                  | [potion of mutation]
 91557 | D:4      | Lost mutation: You are very agile. (Dex +8, Str/Int -2)
                  | [potion of mutation]
 91557 | D:4      | Lost mutation: You occasionally shout uncontrollably at
                  | your foes. [potion of mutation]
 91557 | D:4      | Gained mutation: You have a pair of horns on your head.
                  | [potion of mutation]
 91557 | D:4      | Gained mutation: You sometimes lose your temper in combat.
                  | [potion of mutation]
 91557 | D:4      | Gained mutation: You are strong-willed. (Will+) [potion of
                  | mutation]
 91568 | D:3      | Reached skill level 10 in Necromancy
 91594 | D:3      | Noticed Pesokh the pandemonium lord
 91600 | D:3      | Killed Pesokh the pandemonium lord
 91670 | D:$      | Escaped with the Orb!

Illustrated notes

Levels and vault maps discovered:
D:1:      minmay_arrival_checkered_box, layout_basic, serial_shops,
          shop_fountains, nicolae_shop_tiny_glass
D:2:      minmay_spotlight, layout_loops_ring, minmay_pentomino_x4
D:3:      layout_basic, makhleb_altar_promises_db, basic_ecumenical_altar,
          kennysheep_cluttered_room, minmay_misc_feat_rows
D:4:      layout_loops_corners, serial_shops, shop, nicolae_shop_dragon_depot
D:5:      layout_basic, mainiacjoe_overflow_alcove_4,
          mainiacjoe_overflow_small_starburst, nicolae_vehumet_altar_sigil,
          minmay_temple_entry_water_ring, serial_shops,
          nicolae_shop_real_fake_doors, uniq_ijyb
D:6:      layout_gridville, mainiacjoe_overflow_surrounded_room
D:7:      layout_layer_cave, mainiacjoe_overflow_alcove_1,
          mainiacjoe_ossuary_entry_dusty_tomb
D:8:      layout_basic, kennysheep_mini, grunt_ministairs_5
D:9:      layout_small_grid, hangedman_ru_absence,
          mainiacjoe_overflow_large_starburst, roadster_trireme, uniq_harold,
          uniq_gastronok, uniq_amaemon
D:10:     layout_loops_cross, kennysheep_slug_shrine,
          lemuel_coloured_pillars_altar,
          nicolae_hepliaklqana_ecumenical_no_more, uniq_sonja, uniq_grum,
          uniq_snorg
D:11:     layout_layer_cave, minmay_lair_entry_grove, serial_shops,
          shop_fountains, minmay_crystal_water, uniq_erica
D:12:     layout_rooms, david_orc_4, nicolae_trove_entry_columns, minivault_20
D:13:     layout_cave_pools, grunt_vaults_entry_tiered, nicolae_diode_stairs
D:14:     layout_stronghold, serial_shops, shop, shop,
          nicolae_shop_bloodbath_and_beyond, shop, nicolae_stop_n_shop_2,
          serial_bayou_pond_d, hangedman_decor_points, grunt_ministairs_8
D:15:     grunt_enter_depths_giant_problem, layout_stronghold
Temple:   hellmonk_temple_beads
Lair:1:   layout_roguey, grunt_megastairs_5, serial_bayou_shore_b
Lair:2:   layout_roguey, spider_nest_entry_web_field, portal_ice_cave_rime,
          gauntlet_entry_generic
Lair:3:   layout_small_grid, nicolae_swamp_entry_splash_gauntlet,
          grunt_megastairs_2
Lair:4:   layout_roguey, slime_entry_1, uniq_rupert, uniq_kirke
Lair:5:   guppyfry_lair_end_dragon, layout_regular_city,
          chequers_serial_rivers_marsh, serial_bayou_lagoon_b
Swamp:1:  layout_falls_marsh, nicolae_swamp_feature_on_the_river_bank,
          swamp_pool_1_2
Swamp:2:  layout_basic_swamp, nicolae_swamp_little_tower, st_swamp_ruins_1,
          nicolae_swamp_tree_isthmus
Swamp:3:  layout_falls_marsh, serial_swamp_ruin, evilmike_swamp_ruin_house_5,
          evilmike_swamp_ruin_rubble_2, swamp_pool_1_2, uniq_bai_suzhen
Swamp:4:  swamp_basic_johnstein, layout_basic_swamp,
          infiniplex_staircase_pool_2, uniq_nikola
Spider:1: nicolae_spider_hilbert_zone_2 [nicolae_spider_hilbert_4_sides_1_open,
          nicolae_spider_hilbert_4_sides_1_open,
          nicolae_spider_hilbert_4_sides_1_open,
          nicolae_spider_hilbert_4_sides_1_open,
          nicolae_spider_hilbert_6_sides_1_open,
          nicolae_spider_hilbert_6_sides_1_open,
          nicolae_spider_hilbert_3_sides_1_open,
          nicolae_spider_hilbert_3_sides_1_open,
          nicolae_spider_hilbert_3_sides_1_open,
          nicolae_spider_hilbert_3_sides_1_open,
          nicolae_spider_hilbert_6_sides_1_open,
          nicolae_spider_hilbert_6_sides_1_open,
          nicolae_spider_hilbert_6_sides_1_open,
          nicolae_spider_hilbert_6_sides_1_open]
Spider:2: nicolae_spider_jumping_over_cracks [nicolae_spider_jumping_sub_moat,
          nicolae_spider_jumping_sub_offset, nicolae_spider_jumping_sub_lake,
          nicolae_spider_jumping_sub_plain], nicolae_crawler_farm,
          hangedman_spider_tarantella_strand, uniq_arachne
Spider:3: layout_spider_delve, hangedman_stitches_earthworm
Spider:4: guppyfry_spider_rune, nicolae_spider_undead_wolf_pack
Orc:1:    layout_caves, serial_shops, shop, blackcustard_rock_pile,
          uniq_josephine
Orc:2:    st_orc_rangers, layout_diamond_mine, maelrawn_ghost_gauntlet_escape,
          basic_altar, mines1_david
Elf:1:    layout_geoelf_octagon, serial_shops, shop, hangedman_elf_disciples
Elf:2:    elven_hall_of_blades_hangedman_original
          [nicolae_blade_entry_pointy_end], layout_geoelf_diagonals,
          serial_shops, nicolae_shop_pleasant_corner_grove, eino_tiny_chamber,
          uniq_saint_roka, uniq_louise
Elf:3:    elf_hall_gauntlet_wide, layout_geoelf_octagon, serial_shops,
          nicolae_shop_rolling_square,
          ploomutoo_gammafunk_ghost_potion_laboratory
Vaults:1: mu_enter_wizlab_2, nicolae_vaults_bisected_inception,
          nicolae_vaults_tetromino_L_1, nicolae_vaults_turnstiles,
          grunt_vaults_trifunnel, nicolae_vaults_storage_room_doors,
          v_pattern_5, vaults_mumra_hex, vaults_dpeg_hooks, v_misc_5,
          layout_vaults_big_room, uniq_norris
Vaults:2: regret_index_early_branch_jog, minmay_crypt_entry_skeletal_spiral,
          v_misc_24, vaults_mumra_minichess, nicolae_vaults_little_squares_2,
          nicolae_vaults_trapezoid_lopsided_2, ontoclasm_vaults_decontamination,
          ontoclasm_vaults_loading_screen, hangedman_vaults_corner,
          nicolae_vaults_tetromino_L_1, layout_vaults_maze_snakey, serial_shops,
          nicolae_square_shop
Vaults:3: nicolae_vaults_hexular_roomagon, grunt_vaults_bifocal,
          ontoclasm_vaults_shout, nicolae_vaults_trapezoid_lopsided_1,
          vaults_room_fours, nicolae_vaults_house_3,
          nicolae_vaults_offset_grid_hallway_1, v_pattern_2, v_misc_14,
          nicolae_vaults_closet_pinwheel_3, nicolae_vaults_little_squares_5,
          ontoclasm_vaults_eye, layout_vaults_ring, serial_shops, shop
Vaults:4: nicolae_vaults_double_plus_1, nicolae_vaults_surprise_closet,
          nicolae_vaults_network_quinsquares
          [nicolae_vaults_network_quincunx_subvault,
          nicolae_vaults_network_quincunx_subvault,
          nicolae_vaults_network_quincunx_subvault,
          nicolae_vaults_network_quincunx_subvault],
          nicolae_vaults_disappearing_quadrants, v_misc_1,
          nicolae_vaults_trapezoid_3, nicolae_vaults_variable_pillar_hall,
          grunt_vaults_funnel, vaults_dpeg_diagonal,
          nicolae_vaults_mini_display_case, hangedman_vaults_river_flow,
          layout_vaults_omnigrid, serial_shops, shop, shop, shop,
          nicolae_shop_peninsula, shop, uniq_frederick
Vaults:5: serial_shops
Depths:1: layout_gridville, minmay_misc_feat_tiny, hellmouth_3, pan_entry,
          minmay_guarded_unrand_curses
Depths:2: minmay_connected_boxes_in_corner, layout_cave_pools,
          serial_sigils_hangedman_stare, hell_entry, grunt_pan_entry_zigzag,
          infiniplex_staircase_zigzag_5
Depths:3: cheibrodos_cascadia, layout_cave_shapes,
          hellmonk_sif_muna_bookshelves, abyss_entry, hell_entry,
          infiniplex_staircase_zigzag_2, grunt_megastairs_3,
          kennysheep_random_hallway, uniq_xtahua, uniq_grunn
Depths:4: grunt_zot_entry_pinwheel, layout_gridlike, enter_ziggurat_e,
          grunt_pan_entry_spiral, hell_entry, minmay_swirly_circle
Zot:1:    evilmike_crystal_ball_defense, layout_onion_interference,
          grunt_megastairs_4
Zot:2:    layout_cathedral_of_symmetry, st_stairs_13, hangedman_feature_mirror,
          uniq_josephina
Zot:3:    layout_basic
Zot:4:    gammafunk_mikee_crab_dinner, layout_basic
Zot:5:    layout_misc_corridors

Skill      XL: |  1  2  3  4  5  6  7  8  9 10 11 12 13 14 15 16 17 18 19 20 21 22 23 24 25 26 27 |
---------------+----------------------------------------------------------------------------------+-----
Fighting       | 5 6 7 8 10 12 13 14 17 19 20 | 20.8
Axes           | 4 5 7 10 12 13 14 15 16 18 | 18.0
Dodging        | 1 2 4 5 |  5.0
Spellcasting   | 2 3 7 8 |  8.9
Fire Magic     | 4 |  4.0
Throwing       | 2 11 | 11.9
Evocations     | 3 4 5 |  5.0
Armour         | 2 4 7 10 11 12 13 14 16 17 19 21 22 | 22.3
Shields        | 5 8 11 12 14 17 20 21 22 | 22.5
Translocations | 3 5 8 9 10 | 10.5
Alchemy        | 6 8 9 |  9.2
Invocations    | 5 7 11 15 17 18 19 21 | 21.3
Necromancy     | 1 6 10 | 10.1

Action                     |  1- 3 |  4- 6 |  7- 9 | 10-12 | 13-15 | 16-18 | 19-21 | 22-24 | 25-27 || total
---------------------------+-------+-------+-------+-------+-------+-------+-------+-------+-------++-------
  Melee: Hand axe          |   131 |   117 |   177 |   534 |  1391 |    49 |    71 |       |       ||  2470
         Headbutt          |     8 |     9 |    51 |   100 |   381 |   410 |   469 |   544 |   352 ||  2324
         Punch             |       |     1 |     5 |     4 |       |       |       |       |       ||    10
         Mace              |       |       |   120 |    18 |       |       |       |       |       ||   138
         Broad axe         |       |       |       |       |   411 |  1448 |  1332 |  1630 |  1249 ||  6070
         Trident           |       |       |       |       |       |       |       |    11 |       ||    11
         War axe           |       |       |       |       |       |       |       |     9 |       ||     9
  Throw: Dart              |       |       |    24 |    71 |    15 |    14 |    17 |     1 |       ||   142
         Large rock        |       |       |       |     1 |     1 |       |       |     2 |     4 ||     8
         Throwing net      |       |       |       |       |       |     1 |       |       |       ||     1
         Javelin           |       |       |       |       |       |       |       |     2 |     7 ||     9
   Cast: Scorch            |       |    48 |    99 |   129 |   180 |   146 |    95 |       |       ||   697
         Blink             |       |       |       |       |     3 |    16 |    12 |    13 |     2 ||    46
         Olgreb's Toxic Ra |       |       |       |       |       |   163 |    80 |    89 |    78 ||   410
         Apportation       |       |       |       |       |       |       |       |     7 |     1 ||     8
         Fugue of the Fall |       |       |       |       |       |       |       |       |     1 ||     1
 Invoke: Fiery Armour      |     1 |       |     3 |     3 |     2 |       |       |       |       ||     9
         Heroism           |       |       |       |       |       |    12 |    15 |    12 |    26 ||    65
         Finesse           |       |       |       |       |       |     2 |       |       |     3 ||     5
         Receive Weapon    |       |       |       |       |       |       |       |     1 |       ||     1
         Receive Armour    |       |       |       |       |       |       |       |     1 |       ||     1
         Duel              |       |       |       |       |       |       |       |       |     1 ||     1
Ability: Begin Untransform |       |       |       |     1 |       |       |       |       |       ||     1
  Evoke: Wand              |       |       |     2 |     8 |    11 |    18 |     9 |     9 |    16 ||    73
         Lightning rod     |       |       |       |       |     5 |    18 |     8 |    10 |    12 ||    53
         Phial of floods   |       |       |       |       |       |       |       |     1 |       ||     1
    Use: Scroll            |     3 |     1 |     6 |    10 |     5 |    12 |    10 |    18 |    19 ||    84
         Potion            |       |       |       |    11 |     6 |    15 |     5 |     5 |    28 ||    70
   Stab: Invisible         |       |       |       |       |     2 |     1 |       |       |     1 ||     4
         Confused          |       |       |       |       |     1 |       |       |       |     1 ||     2
 Armour: Robe              |    76 |    63 |   190 |       |       |       |       |       |       ||   329
         Steam dragon scal |       |       |    10 |   338 |       |       |       |       |       ||   348
         Ice dragon scales |       |       |       |    82 |  1082 |   156 |       |       |       ||  1320
         Swamp dragon scal |       |       |       |       |       |  1146 |   803 |       |       ||  1949
         Gold dragon scale |       |       |       |       |       |       |   764 |  1406 |  1159 ||  3329
  Dodge: Dodged            |    41 |    48 |   175 |   258 |   409 |   422 |   390 |   183 |   196 ||  2122
         Repelled          |       |       |       |       |       |       |     7 |    13 |    28 ||    48
  Block: Kite shield       |       |       |       |    86 |  1106 |  1515 |  1146 |   543 |       ||  4396
         Reflection        |       |       |       |       |    17 |    28 |       |    63 |    69 ||   177
         Tower shield      |       |       |       |       |       |       |       |   758 |  1835 ||  2593
   Form: Beast             |     1 |       |       |       |       |       |       |       |       ||     1

Table legend: (Time is in decaauts)
 A = Elapsed time spent in this place.
 B = Non-inter-level travel time spent in this place.
 C = Inter-level travel time spent in this place.
 D = Time resting spent in this place.
 E = Time spent auto-exploring this place.
 F = Levels seen in this place.
 G = Mean time per level.
                   A        B        C        D        E       F      G
               +--------+--------+--------+--------+--------+-----+--------+
         Total |  90422 |  81256 |   9166 |  27555 |  29320 |  61 | 1482.3 |
       Dungeon |  27072 |  22884 |   4188 |   6777 |  10170 |  15 | 1804.8 |
        Temple |     44 |     44 |      0 |     43 |      0 |   1 |   44.0 |
          Lair |   8977 |   7757 |   1220 |   2586 |   3206 |   5 | 1795.4 |
         Swamp |   6621 |   6239 |    382 |   2633 |   2072 |   4 | 1655.2 |
   Spider Nest |   9787 |   9153 |    634 |   4055 |   2903 |   4 | 2446.8 |
  Orcish Mines |   2332 |   2075 |    257 |    353 |    777 |   2 | 1166.0 |
   Elven Halls |   4758 |   4549 |    209 |   1611 |   1543 |   3 | 1586.0 |
        Vaults |  14048 |  13062 |    986 |   4531 |   4618 |   5 | 2809.6 |
        Depths |   9221 |   8337 |    884 |   2337 |   2774 |   4 | 2305.2 |
           Zot |   4645 |   4243 |    402 |   1650 |    646 |   5 |  929.0 |
      Ziggurat |    502 |    502 |      0 |    249 |      0 |   8 |   62.8 |
         Trove |     37 |     37 |      0 |      0 |      0 |   1 |   37.0 |
       Ossuary |   1065 |   1065 |      0 |    470 |    294 |   1 | 1065.0 |
      Ice Cave |    892 |    892 |      0 |    187 |    317 |   1 |  892.0 |
      Gauntlet |    385 |    385 |      0 |     50 |      0 |   1 |  385.0 |
         Arena |     28 |     28 |      0 |     21 |      0 |   1 |   28.0 |
               +--------+--------+--------+--------+--------+-----+--------+

Top non-repeatable levels by time:
Vaults:2: 4015 daAuts
Vaults:3: 3355 daAuts
Spider:4: 3324 daAuts
Depths:1: 3195 daAuts
  Lair:3: 2873 daAuts
Spider:3: 2744 daAuts
 Swamp:2: 2688 daAuts
   Elf:3: 2652 daAuts
    D:13: 2558 daAuts
Vaults:1: 2489 daAuts
    D:11: 2454 daAuts
     D:8: 2255 daAuts
    D:10: 2243 daAuts
Depths:4: 2229 daAuts
Vaults:4: 2204 daAuts
